 Dungeon Crawl Stone Soup version 0.30-a0-802-gb92711bcdf (webtiles) character file.

Game seed: 9007930820862685664

59 STHMFLV the Shooter (level 3, -1/28 HPs)
             Began as a Demonspawn Hunter on Feb 24, 2023.
             Succumbed to a kobold's poison
             ... on level 2 of the Dungeon.
             The game lasted 00:02:12 (1333 turns).

STHMFLV the Shooter (Demonspawn Hunter)             Turns: 1333, Time: 00:02:13

Health: -1/28      AC:  8    Str: 11    XL:     3   Next: 78%
Magic:  3/3        EV: 12    Int: 12    God:
Gold:   86         SH:  0    Dex: 16    Spells: 2/2 levels left

rFire   . . .      SeeInvis .    a - +0 shortbow
rCold   . . .      Faith    .    (shield currently unavailable)
rNeg    . . .      Spirit   .    c - +0 leather armour
rPois   .          Reflect  .    (no helmet)
rElec   .          Harm     .    d - +0 cloak
rCorr   .          Rampage  .    (no gloves)
Will    .....                    (no boots)
Stlth   +                        (no amulet)
HPRegen 0.24/turn                b - +4 ring of protection
MPRegen 0.16/turn                (no ring)

@: mighty, lethally poisoned (-1 -> -11), weak-willed
A: magic regeneration, demonic magic 1
a: no special abilities


You were on level 2 of the Dungeon.
You visited 1 branch of the dungeon, and saw 2 of its levels.

You collected 86 gold pieces.

Inventory:

Hand Weapons
 a - a +0 shortbow (weapon)
Armour
 c - a +0 leather armour (worn)
 d - a +0 cloak (worn)
Jewellery
 b - a +4 ring of protection (left hand)
Scrolls
 k - a scroll of fear {unknown}


   Skills:
 + Level 2.9 Fighting
 + Level 4.1 Ranged Weapons
 + Level 2.5 Dodging
 - Level 0.8 Stealth


You had 2 spell levels left.
You didn't know any spells.
Your spell library was empty.

Dungeon Overview and Level Annotations

Branches:
Dungeon (2/15)

Altars:


Innate Abilities, Weirdness & Mutations

You regenerate magic rapidly.
Spells you cast may paralyse adjacent enemies.


Message History

You shoot an arrow.
The arrow hits the kobold but does no damage.
You feel extremely sick. The kobold barely misses you.
You are too injured to fight recklessly!
You are too injured to fight recklessly!
You are too injured to fight recklessly!
You feel better. The kobold hits you but does no damage.
You are poisoned.
You shoot an arrow. The arrow barely misses the kobold.
You feel very sick. The kobold closely misses you.
The kobold hits you but does no damage.
You are lethally poisoned!
It was a potion of might.
You feel very mighty all of a sudden.
You feel very sick. The kobold closely misses you.
The air fills with toxic fumes!
As you read the scroll labelled HAANGU MIPYH, it crumbles to dust.
It was a scroll of poison.
You feel very sick. The kobold hits you but does no damage.
You are more poisoned.
You shoot an arrow. The arrow hits the kobold.
You kill the kobold!
* * * LOW HITPOINT WARNING * * *
You feel very sick.
You aren't carrying any potions.
Unknown command.
You aren't carrying any potions.
You aren't carrying any potions.
As you read the scroll labelled SEAJIACS ZUVIG, it crumbles to dust.
You hear a loud clanging noise!
It was a scroll of noise.
* * * LOW HITPOINT WARNING * * *
You feel very sick.
You hear an angry hiss.
You hear a shout!
As you read the scroll labelled AVIOMI ZEJENOIZA, it crumbles to dust.
Magic quickly surges around you.
It was a scroll of vulnerability.
You die...

##. §§§...##### §§# #.....#
#§# #.....########
#§###.....##.....#
###§§##.....##.###.#
#§§§§§#........# #.# ##
###§§)§§#......### #.# ..#
#§§§§@§§#.....######.#
..###§§§§§§§#............#
##.§§§§§§§§§§#.##.#.#######
#..§§§§§§§§§§#.##.#.# #
#.###§§§§§§§§#.##.#.#
#.#...#§§§§§§§§#.##.#.#
#.....####§§§§§§†##.#.#
####..####§§§§§§§##<#.#
#.....###..)).####.#


There were no monsters in sight!

Vanquished Creatures
  2 gnolls
  3 dart slugs
  A ball python (D:2)
  5 endoplasms
  A giant cockroach (D:1)
  3 goblins
  3 hobgoblins
  2 jackals (D:1)
  3 kobolds
  2 quokkas (D:2)
  4 bats
  A rat (D:1)
30 creatures vanquished.

Notes
Turn   | Place    | Note
-------+----------+-------------------------------------------
     0 | D:1      | STHMFLV the Demonspawn Hunter began the quest for the Orb.
     0 | D:1      | Reached XP level 1. HP: 16/16 MP: 1/1
   295 | D:1      | Gained mutation: Spells you cast may paralyse adjacent
                  | enemies. [demonic ancestry]
   295 | D:1      | Reached XP level 2. HP: 22/22 MP: 2/2
   965 | D:2      | Gained mutation: You regenerate magic rapidly. [demonic
                  | ancestry]
   965 | D:2      | Reached XP level 3. HP: 28/28 MP: 3/3
  1021 | D:1      | Reached skill level 4 in Ranged Weapons
  1332 | D:2      | HP: 1/28 [poisoned by a kobold]
  1333 | D:2      | Succumbed to a kobold's poison

Illustrated notes

Levels and vault maps discovered:
D:1:      matt_arrival_spirals, layout_basic, minmay_misc_feat_cross,
          minivault_24
D:2:      layout_basic, dk_noncrumbling_3, minmay_quantized

Skill      XL: |  1  2  3 |
---------------+----------+-----
Dodging        | 2 |  2.5
Ranged Weapons | 4 |  4.1
Fighting       | |  2.9
Stealth        | |  0.8

Action                     || total
---------------------------++-------
   Fire: Shortbow          ||    77
  Throw: Throwing net      ||     2
    Use: Scroll            ||     5
         Potion            ||     4
 Armour: Leather armour    ||    10
  Dodge: Dodged            ||    16

Table legend: (Time is in decaauts)
 A = Elapsed time spent in this place.
 B = Non-inter-level travel time spent in this place.
 C = Inter-level travel time spent in this place.
 D = Time resting spent in this place.
 E = Time spent auto-exploring this place.
 F = Levels seen in this place.
 G = Mean time per level.
                   A        B        C        D        E       F      G
               +--------+--------+--------+--------+--------+-----+--------+
         Total |   1346 |   1273 |     73 |      0 |   1026 |   2 |  673.0 |
       Dungeon |   1346 |   1273 |     73 |      0 |   1026 |   2 |  673.0 |
               +--------+--------+--------+--------+--------+-----+--------+

Top non-repeatable levels by time:
     D:1: 989 daAuts
     D:2: 356 daAuts
